[ AOE2 MATCH · #505492517 ]
UnrankedBulgarians vs Khitans
Player's team · WIN
Rival team · LOSS
[ REPLAY ANALYSIS · EXTRACTED FROM THE RECORDED GAME ]
Feudal
8:55
Castle
25:46
Imperial
—
| APM avg | 72.5 |
| APM peak | 115 |
| eAPM avg | 29.7 |
| Villagers / military | 78 / 47 |
Focus
⚔️ 46.7% · 🌾 53.3%
Spearman ×26 · Militia ×13 · Archer ×8
Feudal
8:50
Castle
—
Imperial
—
| APM avg | 51.2 |
| APM peak | 81 |
| eAPM avg | 22.2 |
| Villagers / military | 62 / 50 |
Focus
⚔️ 22.2% · 🌾 77.8%
Scout Cavalry ×50
Match map
Initial resources + every placement click. Lines = walls · curves = elevation contours. ◆ gold · ⬟ stone · ● berries · ✦ relic · ◌ wall gap
Your base· ✓ Closed at 25:46 · 44t walls · 1 gate(s)
熊豚之家's base· ✓ Closed at 27:19 · 16t walls · no gate
Smoothed initial terrain · ◌ = detected wall gap · hover for details
Inputs per minute
— thankyou9527 - - 熊豚之家
Build order — thankyou9527
First 150 of 200 actions detected
| 0:00 | Queue | Villager (Male) |
| 0:00 | Queue | Villager (Male) |
| 0:00 | Queue | Villager (Male) |
| 0:01 | Queue | Villager (Male) |
| 0:02 | Build | House |
| 0:03 | Build | House |
| 1:26 | Queue | Villager (Male) |
| 1:26 | Queue | Villager (Male) |
| 1:56 | Build | Lumber Camp |
| 2:00 | Queue | Villager (Male) |
| 2:00 | Queue | Villager (Male) |
| 2:16 | Queue | Villager (Male) |
| 2:22 | Build | House |
| 2:51 | Queue | Villager (Male) |
| 2:51 | Queue | Villager (Male) |
| 3:10 | Queue | Villager (Male) |
| 3:45 | Queue | Villager (Male) |
| 3:45 | Queue | Villager (Male) |
| 4:40 | Queue | Villager (Male) |
| 4:40 | Queue | Villager (Male) |
| 4:40 | Queue | Villager (Male) |
| 4:40 | Queue | Villager (Male) |
| 5:07 | Queue | Villager (Male) |
| 5:07 | Queue | Villager (Male) |
| 5:08 | Queue | Villager (Male) |
| 5:23 | Build | Barracks |
| 5:48 | Research | Loom |
| 5:57 | Build | House |
| 6:23 | Build | House |
| 6:44 | Research | Feudal Age |
| 6:53 | Queue | Militia |
| 6:53 | Queue | Militia |
| 6:56 | Build | Palisade Gate |
| 7:24 | Queue | Militia |
| 7:24 | Queue | Militia |
| 7:33 | Build | Mining Camp |
| 7:48 | Build | Palisade Wall |
| 7:58 | Build | House |
| 8:02 | Queue | Villager (Male) |
| 8:29 | Queue | Militia |
| 8:29 | Queue | Militia |
| 8:55 | Age | Feudal Age |
| 8:58 | Build | House |
| 9:17 | Queue | Villager (Male) |
| 9:23 | Research | Double-Bit Axe |
| 9:29 | Build | Palisade Wall |
| 9:41 | Queue | Villager (Male) |
| 9:47 | Build | Mill |
| 10:22 | Queue | Villager (Male) |
| 10:22 | Queue | Villager (Male) |
| 10:22 | Queue | Villager (Male) |
| 10:46 | Build | Watch Tower |
| 10:54 | Queue | Villager (Male) |
| 10:54 | Queue | Villager (Male) |
| 10:54 | Queue | Villager (Male) |
| 10:54 | Queue | Villager (Male) |
| 10:54 | Queue | Villager (Male) |
| 10:57 | Build | Palisade Wall |
| 11:17 | Build | Farm |
| 11:17 | Build | Farm |
| 11:18 | Build | Farm |
| 11:25 | Queue | Villager (Male) |
| 11:44 | Build | Palisade Wall |
| 11:44 | Queue | Villager (Male) |
| 11:48 | Build | Farm |
| 11:48 | Build | Farm |
| 11:48 | Build | Farm |
| 11:53 | Build | House |
| 11:56 | Build | Palisade Wall |
| 12:18 | Build | Palisade Wall |
| 12:51 | Queue | Villager (Male) |
| 12:51 | Queue | Villager (Male) |
| 12:52 | Queue | Villager (Male) |
| 12:52 | Queue | Villager (Male) |
| 12:57 | Build | Palisade Wall |
| 12:59 | Build | Mining Camp |
| 13:35 | Queue | Villager (Male) |
| 13:35 | Queue | Villager (Male) |
| 13:35 | Queue | Villager (Male) |
| 13:36 | Queue | Villager (Male) |
| 13:41 | Build | Palisade Wall |
| 13:42 | Build | House |
| 13:46 | Queue | Villager (Male) |
| 13:52 | Build | Archery Range |
| 13:56 | Queue | Villager (Male) |
| 14:30 | Queue | Villager (Male) |
| 14:39 | Queue | Archer |
| 14:39 | Queue | Archer |
| 14:44 | Build | Watch Tower |
| 14:45 | Queue | Villager (Male) |
| 14:45 | Queue | Villager (Male) |
| 14:58 | Build | Palisade Wall |
| 15:00 | Build | Palisade Wall |
| 15:02 | Build | Palisade Wall |
| 15:02 | Queue | Villager (Male) |
| 15:02 | Queue | Villager (Male) |
| 15:24 | Queue | Villager (Male) |
| 15:27 | Build | Farm |
| 15:28 | Queue | Villager (Male) |
| 15:50 | Queue | Archer |
| 15:55 | Queue | Villager (Male) |
| 16:11 | Build | House |
| 16:12 | Build | Palisade Wall |
| 16:13 | Build | Palisade Wall |
| 16:14 | Queue | Villager (Male) |
| 16:17 | Queue | Archer |
| 16:18 | Queue | Villager (Male) |
| 16:25 | Build | Farm |
| 16:26 | Queue | Villager (Male) |
| 16:39 | Queue | Villager (Male) |
| 16:41 | Queue | Spearman |
| 16:50 | Queue | Villager (Male) |
| 16:56 | Build | Watch Tower |
| 16:58 | Queue | Archer |
| 17:42 | Build | House |
| 17:49 | Queue | Villager (Male) |
| 17:50 | Queue | Spearman |
| 17:50 | Queue | Spearman |
| 18:09 | Build | Watch Tower |
| 18:17 | Queue | Villager (Male) |
| 18:22 | Build | Farm |
| 18:22 | Build | Farm |
| 18:22 | Build | Farm |
| 18:23 | Build | Farm |
| 18:26 | Build | Blacksmith |
| 18:43 | Queue | Villager (Male) |
| 18:45 | Build | Watch Tower |
| 18:54 | Build | Farm |
| 18:55 | Queue | Villager (Male) |
| 19:04 | Queue | Villager (Male) |
| 19:08 | Queue | Archer |
| 19:09 | Queue | Archer |
| 19:16 | Build | Lumber Camp |
| 19:18 | Research | Fletching |
| 19:49 | Build | Watch Tower |
| 20:32 | Queue | Villager (Male) |
| 20:32 | Queue | Villager (Male) |
| 20:35 | Build | Farm |
| 20:35 | Build | Farm |
| 20:35 | Build | Farm |
| 20:35 | Build | Farm |
| 20:36 | Build | Farm |
| 20:36 | Build | Farm |
| 20:55 | Queue | Spearman |
| 20:55 | Queue | Spearman |
| 21:09 | Queue | Spearman |
| 21:11 | Build | Farm |
| 21:11 | Build | Farm |
| 21:11 | Build | Farm |
| 21:12 | Queue | Villager (Male) |
Build order — 熊豚之家
First 150 of 184 actions detected
| 0:00 | Queue | Villager (Male) |
| 0:00 | Queue | Villager (Male) |
| 0:01 | Queue | Villager (Male) |
| 0:01 | Queue | Villager (Male) |
| 0:01 | Queue | Villager (Male) |
| 0:02 | Build | House |
| 0:05 | Build | House |
| 1:11 | Queue | Villager (Male) |
| 1:11 | Queue | Villager (Male) |
| 2:03 | Queue | Villager (Male) |
| 2:03 | Queue | Villager (Male) |
| 2:11 | Build | Lumber Camp |
| 2:27 | Queue | Villager (Male) |
| 2:28 | Queue | Villager (Male) |
| 2:41 | Queue | Villager (Male) |
| 2:59 | Queue | Villager (Male) |
| 3:00 | Queue | Villager (Male) |
| 3:28 | Queue | Villager (Male) |
| 3:28 | Queue | Villager (Male) |
| 3:33 | Build | House |
| 4:05 | Queue | Villager (Male) |
| 4:27 | Queue | Villager (Male) |
| 4:46 | Queue | Villager (Male) |
| 4:47 | Queue | Villager (Male) |
| 5:38 | Build | Mill |
| 5:48 | Queue | Villager (Male) |
| 5:50 | Research | Loom |
| 6:29 | Research | Feudal Age |
| 6:30 | Research | Feudal Age |
| 7:47 | Build | House |
| 8:12 | Build | Barracks |
| 8:37 | Build | House |
| 8:39 | Build | Palisade Wall |
| 8:50 | Age | Feudal Age |
| 9:07 | Build | House |
| 9:09 | Build | House |
| 9:18 | Queue | Villager (Male) |
| 9:31 | Build | Palisade Wall |
| 9:38 | Queue | Villager (Male) |
| 9:41 | Research | Double-Bit Axe |
| 9:45 | Research | Tech 1014 |
| 10:08 | Queue | Villager (Male) |
| 10:22 | Build | Pasture |
| 10:25 | Build | Pasture |
| 10:26 | Queue | Villager (Male) |
| 10:41 | Build | Pasture |
| 10:57 | Queue | Villager (Male) |
| 11:05 | Build | Palisade Wall |
| 11:19 | Build | Watch Tower |
| 11:24 | Queue | Villager (Male) |
| 11:24 | Queue | Villager (Male) |
| 11:31 | Build | House |
| 11:35 | Queue | Villager (Male) |
| 11:38 | Build | Pasture |
| 12:04 | Build | Lumber Camp |
| 12:09 | Build | House |
| 12:11 | Build | House |
| 12:12 | Build | Palisade Wall |
| 12:14 | Queue | Villager (Male) |
| 12:48 | Queue | Villager (Male) |
| 13:16 | Queue | Villager (Male) |
| 13:21 | Build | House |
| 13:22 | Build | Palisade Wall |
| 13:37 | Queue | Villager (Male) |
| 14:06 | Queue | Villager (Male) |
| 14:12 | Build | Stable |
| 14:17 | Build | Stable |
| 14:36 | Queue | Villager (Male) |
| 14:54 | Build | Lumber Camp |
| 14:56 | Queue | Villager (Male) |
| 15:02 | Build | Palisade Wall |
| 15:05 | Queue | Scout Cavalry |
| 15:05 | Queue | Scout Cavalry |
| 15:34 | Queue | Scout Cavalry |
| 15:35 | Queue | Villager (Male) |
| 15:40 | Build | Blacksmith |
| 16:05 | Queue | Villager (Male) |
| 16:07 | Queue | Scout Cavalry |
| 16:17 | Build | Lumber Camp |
| 16:23 | Queue | Scout Cavalry |
| 16:26 | Queue | Scout Cavalry |
| 16:28 | Queue | Villager (Male) |
| 16:40 | Queue | Villager (Male) |
| 16:52 | Build | House |
| 16:53 | Build | House |
| 17:01 | Queue | Villager (Male) |
| 17:04 | Queue | Scout Cavalry |
| 17:32 | Queue | Villager (Male) |
| 17:33 | Queue | Scout Cavalry |
| 17:42 | Build | House |
| 17:47 | Research | Forging |
| 17:47 | Research | Forging |
| 17:49 | Build | Pasture |
| 17:52 | Queue | Villager (Male) |
| 17:54 | Build | Pasture |
| 17:58 | Build | Pasture |
| 18:21 | Build | Pasture |
| 18:27 | Queue | Villager (Male) |
| 18:32 | Build | Pasture |
| 18:38 | Research | Scale Barding Armor |
| 18:39 | Research | Scale Barding Armor |
| 19:01 | Queue | Villager (Male) |
| 19:06 | Queue | Villager (Male) |
| 19:11 | Build | Pasture |
| 19:22 | Build | Pasture |
| 19:29 | Build | Pasture |
| 19:30 | Queue | Villager (Male) |
| 19:36 | Build | Stable |
| 19:46 | Queue | Scout Cavalry |
| 20:28 | Queue | Villager (Male) |
| 20:28 | Queue | Villager (Male) |
| 20:33 | Research | Wheelbarrow |
| 20:42 | Queue | Scout Cavalry |
| 20:42 | Queue | Scout Cavalry |
| 20:42 | Queue | Scout Cavalry |
| 20:52 | Build | Pasture |
| 20:56 | Build | Pasture |
| 20:57 | Queue | Scout Cavalry |
| 20:57 | Queue | Scout Cavalry |
| 21:03 | Build | Stable |
| 21:04 | Queue | Scout Cavalry |
| 21:12 | Build | Lumber Camp |
| 21:15 | Queue | Scout Cavalry |
| 21:38 | Queue | Scout Cavalry |
| 21:38 | Queue | Scout Cavalry |
| 22:23 | Queue | Villager (Male) |
| 22:24 | Queue | Villager (Male) |
| 22:25 | Queue | Scout Cavalry |
| 22:25 | Queue | Scout Cavalry |
| 22:30 | Build | Pasture |
| 22:51 | Build | Pasture |
| 22:52 | Queue | Villager (Male) |
| 23:03 | Queue | Scout Cavalry |
| 23:03 | Queue | Scout Cavalry |
| 23:03 | Queue | Scout Cavalry |
| 23:03 | Queue | Scout Cavalry |
| 23:24 | Queue | Scout Cavalry |
| 23:24 | Queue | Scout Cavalry |
| 23:24 | Queue | Scout Cavalry |
| 23:27 | Queue | Villager (Male) |
| 23:29 | Build | Pasture |
| 23:29 | Queue | Villager (Male) |
| 23:47 | Build | Lumber Camp |
| 23:51 | Queue | Scout Cavalry |
| 23:51 | Queue | Scout Cavalry |
| 23:57 | Queue | Villager (Male) |
| 24:00 | Queue | Scout Cavalry |
| 24:11 | Queue | Scout Cavalry |
| 24:11 | Queue | Scout Cavalry |
| 24:12 | Queue | Scout Cavalry |
Match timeline
| 5:23 | thankyou9527 · first_building Barracks |
| 7:48 | thankyou9527 · wall_segment Palisade Wall x7 |
| 8:12 | 熊豚之家 · first_building Barracks |
| 8:39 | 熊豚之家 · wall_segment Palisade Wall x3 |
| 8:50 | 熊豚之家 · age_up feudal |
| 8:55 | thankyou9527 · age_up feudal |
| 9:29 | thankyou9527 · wall_segment Palisade Wall x8 |
| 9:31 | 熊豚之家 · wall_segment Palisade Wall x4 |
| 10:57 | thankyou9527 · wall_segment Palisade Wall x10 |
| 11:05 | 熊豚之家 · wall_segment Palisade Wall x1 |
| 11:44 | thankyou9527 · wall_segment Palisade Wall x1 |
| 11:56 | thankyou9527 · wall_segment Palisade Wall x1 |
| 12:12 | 熊豚之家 · wall_segment Palisade Wall x1 |
| 12:18 | thankyou9527 · wall_segment Palisade Wall x1 |
| 12:57 | thankyou9527 · wall_segment Palisade Wall x5 |
| 13:22 | 熊豚之家 · wall_segment Palisade Wall x1 |
| 13:41 | thankyou9527 · wall_segment Palisade Wall x1 |
| 13:52 | thankyou9527 · first_building Archery Range |
| 14:12 | 熊豚之家 · first_building Stable |
| 14:58 | thankyou9527 · wall_segment Palisade Wall x1 |
| 15:00 | thankyou9527 · wall_segment Palisade Wall x1 |
| 15:02 | thankyou9527 · wall_segment Palisade Wall x1 |
| 15:02 | 熊豚之家 · wall_segment Palisade Wall x6 |
| 16:12 | thankyou9527 · wall_segment Palisade Wall x1 |
| 16:13 | thankyou9527 · wall_segment Palisade Wall x1 |
| 22:06 | thankyou9527 · wall_segment Palisade Wall x1 |
| 22:09 | thankyou9527 · wall_segment Palisade Wall x1 |
| 22:11 | thankyou9527 · wall_segment Palisade Wall x1 |
| 22:18 | thankyou9527 · wall_segment Palisade Wall x1 |
| 22:50 | thankyou9527 · wall_segment Palisade Wall x1 |
| 25:46 | thankyou9527 · age_up castle |
| 26:34 | thankyou9527 · first_building Krepost |
| 29:12 | 熊豚之家 · resign |
[ AI ANALYSIS · 1 CREDIT ]
What really happened in this match?
Wolo.gg analyzes every decision: build order, eco, micro, common mistakes by bracket. Personalized analysis on WhatsApp or Discord in 30 seconds.
Civ guide
Bulgarians
Perfil
Jugador #5757611